 Dungeon Crawl Stone Soup version 0.17-a0-1-g1f4be75 (console) character file.

277 Fusha the Ducker (level 6, 0/43 HPs)
             Began as a Merfolk Earth Elementalist on Mar 13, 2015.
             Was an Initiate of the Shining One.
             Killed by divine providence
             ... invoked by an orc priest
              (12 damage)
             ... on level 4 of the Dungeon.
             The game lasted 00:18:45 (4555 turns).

Fusha the Ducker (Merfolk Earth Elementalist)       Turns: 4555, Time: 00:18:45

Health: 0/43       AC:  3    Str:  8    XL:     6   Next: 26%
Magic:  1/13       EV: 14    Int: 17    God:    the Shining One [......]
Gold:   119        SH:  0    Dex: 14    Spells: 2 memorised, 9 levels left

rFire  . . .     SeeInvis .     b - 4 stones
rCold  . . .     Clarity  .     c - +0 robe
rNeg   . . .     SustAb   .     (no shield)
rPois  .         Gourm    .     m - +0 helmet
rElec  .         Spirit   .     (no cloak)
rCorr  .         Warding  .     (no gloves)
rMut   .         Rnd*Tele +     (no boots)
MR     .....                    (no amulet)
Stlth  +.........               h - ring of loudness (curse)
                                f - ring of teleportation (curse)

@: not resistant to hostile enchantments, very unstealthy
A: change form in water, swift swim
a: Renounce Religion, Evoke Teleportation


You were on level 4 of the Dungeon.
You worshipped the Shining One.
The Shining One was noncommittal.
You were not hungry.

You visited 1 branch of the dungeon, and saw 4 of its levels.

You collected 119 gold pieces.

Inventory:

Hand weapons
 a - a +1 halberd
 k - a +0 spear
Missiles
 b - 4 stones (in hand)
Armour
 c - a +0 robe (worn)
 m - a +0 helmet (worn)
Jewellery
 f - a cursed ring of teleportation (left hand)
 h - a cursed ring of loudness (right hand)
 j - an uncursed ring of ice
Magical devices
 e - a wand of enslavement (0)
 l - a wand of digging (20)
Books
 d - a book of Geomancy

   Spells                             Type                      Level
   a - Sandblast                      Earth                        1
   b - Stoneskin                      Transmutation/Earth          2
   c - Passwall                       Transmutation/Earth          3
   d - Stone Arrow                    Conjuration/Earth            3
   e - Petrify                        Transmutation/Earth          4
   f - Lee's Rapid Deconstruction     Earth                        5
Comestibles
 i - 2 bread rations
 o - a meat ration


   Skills:
 + Level 1.3 Fighting
 + Level 1.5 Polearms
 + Level 4.5 Dodging
 - Level 2.2 Stealth
 + Level 3.7 Spellcasting
 + Level 1.3 Transmutations
 + Level 3.7 Earth Magic
 + Level 0.2 Evocations


You had 9 spell levels left.
You knew the following spells:

 Your Spells              Type           Power        Failure   Level  Hunger
a - Sandblast             Erth           ###...       3%          1    None
b - Stoneskin             Trmt/Erth      ##......     12%         2    ##.....


Dungeon Overview and Level Annotations

Branches:
Dungeon (4/15)
 Temple: D:4-7

Altars:
Fedhas
Gozag
Okawaru
Ru
Vehumet
The Shining One

Annotations:
D:2 Sigmund


Message History

Zapping:
e - a wand of enslavement {zapped: 13} (will waste charges)
Press: ? - help, Shift-Dir - straight line, f/p - orc priest
Aim: an orc priest, wielding a dagger and wearing a chain mail (almost dead, chance 46%)
Okay, then.
a - a +1 halberd (weapon)
The orc priest looks braver.
You hit the orc priest but do no damage.
The orc priest is almost dead.
You completely miss the orc.
The orc priest utters an invocation to Beogh.
You feel troubled. The orc misses you.
You hear a bark!
You puncture the orc!
You kill the orc!
You hear a shout!
The jackal misses you.
b - 4 stones (in hand)
The orc priest calls down the wrath of Beogh upon you.
Something smites you!
You die...

####.# #...# #.#..###.#
...#.# #...# #........##
...#.# ##### ###...#...#
...#.# #...#...# ...#.#
##......# ...#.# #......#
...'.# ##.....#
..รท#################.....#
##..............@ho##...##
#.###############h##...#
##.# '###... ##'######## ..
..... #.........# ......
#)........# .... ')........
o.... #......... ....
#......... .


You could see an orc priest and 2 jackals.

Vanquished Creatures
  A scorpion (D:4)
  A hound (D:4)
  Ijyb (D:3)
  4 gnolls
  4 adders
  A giant mite (D:3)
  3 giant geckos
  5 orcs
  4 giant cockroaches
  12 goblins
  11 hobgoblins
  7 jackals
  2 quokkas
  A ball python (D:2)
  13 bats
  3 giant newts
  6 kobolds
  13 rats
92 creatures vanquished.

Notes
Turn   | Place    | Note
--------------------------------------------------------------
     0 | D:1      | Fusha, the Merfolk Earth Elementalist, began the quest for the Orb.
     0 | D:1      | Reached XP level 1. HP: 13/13 MP: 3/3
   273 | D:1      | Reached XP level 2. HP: 17/19 MP: 1/4
   277 | D:1      | Learned a level 2 spell: Stoneskin
   573 | D:1      | Reached skill level 3 in Dodging
   997 | D:1      | Reached XP level 3. HP: 24/24 MP: 4/6
  1357 | D:2      | Found a sacrificial altar of Ru.
  1460 | D:2      | Noticed Sigmund
  1832 | D:3      | Reached XP level 4. HP: 26/30 MP: 6/8
  1894 | D:3      | Found an opulent altar of Gozag.
  1953 | D:3      | Found a glowing golden altar of the Shining One.
  1954 | D:3      | Found a blossoming altar of Fedhas.
  1955 | D:3      | Found a radiant altar of Vehumet.
  1956 | D:3      | Found an iron altar of Okawaru.
  1975 | D:3      | Became a worshipper of the Shining One
  2913 | D:2      | Reached XP level 5. HP: 8/36 MP: 4/11
  3363 | D:3      | Noticed Ijyb
  3381 | D:3      | Killed Ijyb
  3884 | D:4      | Reached skill level 1 in Polearms
  3884 | D:4      | Reached skill level 4 in Dodging
  3887 | D:4      | Reached skill level 1 in Fighting
  4206 | D:4      | Reached XP level 6. HP: 40/43 MP: 2/13
  4555 | D:4      | Killed from afar by an orc priest

Action                   |  1- 3 |  4- 6 || total
-------------------------+-------+-------++-------
Melee: Unarmed           |    47 |       ||    47
       Halberd           |       |   133 ||   133
       Spear             |       |    15 ||    15
 Cast: Sandblast         |    77 |    61 ||   138
Evoke: Wand              |       |     5 ||     5
  Use: Scroll            |     4 |     4 ||     8
       Potion            |     1 |     5 ||     6
  Eat: Pizza             |     1 |       ||     1
       Bread ration      |     1 |       ||     1
       Meat ration       |       |     2 ||     2
